 Dungeon Crawl Stone Soup version 0.28-a0-265-g048bc9fd10 (webtiles) character file.

Game seed: 1168084147328934471

3566 wakim the Destroyer (level 9, -3/49 HPs)
             Began as a Deep Elf Conjurer on Aug 27, 2021.
             Slain by a yak (11 damage)
             ... on level 6 of the Dungeon.
             The game lasted 00:18:34 (9183 turns).

wakim the Destroyer (Deep Elf Conjurer)             Turns: 9183, Time: 00:18:35

Health: -3/49      AC:  5    Str:  6    XL:     9   Next: 84%
Magic:  6/18       EV: 13    Int: 31    God:
Gold:   569        SH:  5    Dex: 13    Spells: 7/18 levels left

rFire   . . .      SeeInvis .   d - staff of conjuration
rCold   . . .      Faith    .   o - +0 buckler
rNeg    . . .      Spirit   .   c - +0 robe
rPois   .          Reflect  .   f - +0 helmet
rElec   .          Harm     .   g - +0 cloak
rCorr   .          Rampage  .   h - +0 pair of gloves
Will    .....                   (no boots)
Stlth   +++.......              (no amulet)
HPRegen 0.16/turn               l - ring of flight
MPRegen 0.16/turn               j - +6 ring of intelligence

@: flying, studying Bows
A: no striking features
a: no special abilities


You were on level 6 of the Dungeon.
You visited 1 branch of the dungeon, and saw 7 of its levels.

You collected 569 gold pieces.

Inventory:

Hand Weapons
 a - a +3 dagger of venom
 b - the +6 war axe of Balance {vorpal, rElec rCorr Str-4 Stlth+}
   (You found it on level 6 of the Dungeon)

   It inflicts extra damage upon your enemies.
   Str:       It affects your strength (-4).
   rElec:     It insulates you from electricity.
   rCorr:     It protects you from acid and corrosion.
   Stlth:     It makes you more stealthy.
Armour
 c - a +0 robe (worn)
 f - a +0 helmet (worn)
 g - a +0 cloak (worn)
 h - a +0 pair of gloves (worn)
 o - a +0 buckler (worn)
Magical Staves
 d - a staff of conjuration (weapon)
Jewellery
 j - a +6 ring of intelligence (right hand)
 l - a ring of flight (left hand)
Wands
 t - a wand of digging (7)
Scrolls
 i - 2 scrolls of enchant weapon
 T - 3 scrolls of teleportation
 W - a scroll of holy word
 Z - a scroll of silence {!r}
Potions
 e - a potion of heal wounds {unknown}
 k - a potion of ambrosia {unknown}
 m - a potion of invisibility {unknown}
 n - a potion of mutation {unknown}
 p - a potion of resistance {unknown}
 E - a potion of cancellation
 F - a potion of curing


   Skills:
 + Level 2.5 Fighting
 + Level 4.6 Dodging
 - Level 5.0 Stealth
 - Level 4.0 Shields
 - Level 5.0 Spellcasting
 - Level 10.0 Conjurations
 - Level 8.0 Air Magic


You had 7 spell levels left.
You knew the following spells:

 Your Spells              Type           Power      Damage    Failure   Level
a - Magic Dart            Conj           100%       1d8       1%          1
b - Swiftness             Air            55%        N/A       1%          3
c - Lightning Bolt        Conj/Air       38%        1d56      3%          5
s - Searing Ray           Conj           100%       3d7       1%          2

Your spell library contained the following spells:

 Spells                   Type           Power      Damage    Failure   Level
 Static Discharge         Conj/Air       76%        N/A       1%          2
 Dazzling Flash           Conj/Hex       100%       N/A       1%          3
 Fulminant Prism          Conj/Hex       27%        3d14      7%          4
 Iskenderun's Mystic Bla  Conj/Tloc      55%        2d12      7%          4
 Passwall                 Tmut/Erth      5%         N/A       9%          2
 Invisibility             Hex            3%         N/A       100%        6
 Maxwell's Capacitive Co  Air            27%        ∞         100%        8


Dungeon Overview and Level Annotations

Branches:
Dungeon (7/15)
 Temple: D:4-7

Altars:
Fedhas

Shops:
D:6 (


Message History

The yak gores you.
* * * LOW HITPOINT WARNING * * *
Casting: Searing Ray (safe; 1% risk of failure)
Confirm with . or Enter, or press ? or * to list all spells.
Aiming: Searing Ray (safe; 1% risk of failure)
Press: ? - help, Shift-Dir - straight line, f - yak
Aim: a yak (90% to hit)
You feel a surge of power!
The searing ray hits the yak!
The yak is lightly wounded.
The searing ray hits the yak!
The yak is moderately wounded. (Press . to maintain the ray.)
The yak gores you but does no damage.
The searing ray hits the yak.
The yak is moderately wounded.
The searing ray hits the yak!
The yak is severely wounded.
The yak completely misses you.
The searing ray hits the yak!
The yak is severely wounded.
The searing ray hits the yak.
The yak is severely wounded.
You block the yak's attack.
The searing ray hits the yak!
You kill the yak!
The searing ray hits the yak!
The yak is almost dead.
You finish channeling your searing ray.
The yak gores you!
* * * LOW HITPOINT WARNING * * *
Unknown command.
Casting: Searing Ray (safe; 1% risk of failure)
Confirm with . or Enter, or press ? or * to list all spells.
Aiming: Searing Ray (safe; 1% risk of failure)
Press: ? - help, Shift-Dir - straight line, f - yak
Aim: a yak (almost dead, 90% to hit)
You feel a surge of power!
The searing ray misses the yak. (Press . to maintain the ray.)
The yak gores you!
You die...

#.....#....[....8....#
#.....#...[##.##....##
#.....#.>.[##.8.∩<8.#
#.....###..#####.####
############# ##.# #8#
#......# #.# #.#
#.####.# #.# #.#
#)..##.# #Y# #.#
###.##.# #@# #.#
#.##.#########.# #.#
#.##...........# ##.#
#.############.# #..#
#.# #.# #.## #.# #.#
#.# #.# #.# #.# #.#
#.# #.# #<# #.# #.#


You could see a yak.

Vanquished Creatures
  Sigmund (D:2)
  A wraith (D:6)
  4 yaks
  Eustachio (D:4)
  Menkaure (D:6)
  4 vampire mosquitoes (D:6)
  2 water moccasins
  A sky beast (D:6)
  An ice beast (D:7)
  A necrophage (D:6)
  A gnoll sergeant (D:6)
  4 scorpions
  A wyvern skeleton (D:6)
  5 wights (D:6)
  A bullfrog zombie (D:5)
  2 hounds
  3 jellies
  4 orc priests
  A bullfrog skeleton (D:6)
  2 iguanas (D:6)
  Jessica (D:3)
  Terence (D:3)
  4 orc wizards
  A killer bee zombie (D:4)
  Robin (D:4)
  12 gnolls
  5 adders
  A shadow imp (D:6)
  A white imp (D:6)
  2 ufetubi (D:6)
  A worm (D:2)
  3 dart slugs
  7 orcs
  6 endoplasms
  5 giant cockroaches
  19 goblins
  9 hobgoblins
  14 jackals
  32 kobolds
  6 quokkas
  2 ball pythons
  6 bats
  10 rats
190 creatures vanquished.

Vanquished Creatures (others)
  4 fungi (D:3)
  2 toadstools (D:3)
6 creatures vanquished.

Grand Total: 196 creatures vanquished

Notes
Turn   | Place    | Note
-------+----------+-------------------------------------------
     0 | D:1      | wakim the Deep Elf Conjurer began the quest for the Orb.
     0 | D:1      | Reached XP level 1. HP: 10/10 MP: 6/6
   340 | D:1      | Reached XP level 2. HP: 15/15 MP: 4/8
   385 | D:1      | Learned a level 2 spell: Searing Ray
   511 | D:1      | Found a faded altar of an unknown god.
   703 | D:1      | Reached skill level 5 in Conjurations
   703 | D:1      | Reached XP level 3. HP: 19/19 MP: 5/10
   837 | D:1      | You are sucked into a shaft and drop 1 floor!
  1380 | D:2      | Noticed Sigmund
  1728 | D:2      | Reached XP level 4. HP: 24/24 MP: 8/11
  2169 | D:2      | Killed Sigmund
  2170 | D:2      | Reached skill level 6 in Conjurations
  2170 | D:2      | Reached XP level 5. HP: 9/28 MP: 5/14
  2463 | D:3      | Reached skill level 5 in Spellcasting
  2581 | D:3      | Noticed Terence
  2588 | D:3      | Killed Terence
  2589 | D:3      | Reached XP level 6. HP: 32/32 MP: 9/15
  2647 | D:3      | Noticed a water moccasin
  3346 | D:4      | Noticed Robin
  3348 | D:4      | Reached skill level 5 in Stealth
  3445 | D:4      | Killed Robin
  3446 | D:4      | Reached skill level 7 in Conjurations
  3569 | D:4      | Noticed Eustachio
  3757 | D:4      | Reached XP level 7. HP: 36/36 MP: 12/16
  3825 | D:4      | Reached skill level 8 in Conjurations
  3972 | D:4      | Learned a level 3 spell: Swiftness
  4319 | D:4      | Killed Eustachio
  4320 | D:4      | Reached skill level 1 in Air Magic
  4427 | D:5      | Entered Level 5 of the Dungeon
  5000 | D:5      | Reached skill level 1 in Shields
  5230 | D:5      | Reached XP level 8. HP: 41/41 MP: 12/17
  5546 | D:3      | Noticed Jessica
  5551 | D:3      | Killed Jessica
  5552 | D:3      | Reached skill level 9 in Conjurations
  6929 | D:6      | Found Ugreob's Weapon Emporium.
  7010 | D:6      | Noticed Menkaure
  7013 | D:6      | Killed Menkaure
  7693 | D:6      | Reached skill level 10 in Conjurations
  7693 | D:6      | Reached skill level 5 in Air Magic
  7693 | D:6      | Reached XP level 9. HP: 38/45 MP: 9/18
  7755 | D:6      | Learned a level 5 spell: Lightning Bolt
  7826 | D:6      | Identified the +6 war axe of Balance {vorpal, rElec rCorr
                  | Str-4 Stlth+}
  8494 | D:6      | Found a blossoming altar of Fedhas.
  8556 | D:6      | Identified a scroll of acquirement
  8556 | D:6      | Acquired a staff of conjuration
  9145 | D:7      | Reached skill level 1 in Fighting
  9183 | D:6      | Slain by a yak

Illustrated notes

Levels and vault maps discovered:
D:1:      roderic_crossed_star, layout_loops_cross,
          ebering_ecumenical_altar_rust
D:2:      layout_loops_ring, minmay_goblin_kobold_house, uniq_sigmund
D:3:      layout_loops_ring, kennysheep_donut, minmay_gold_behind_fungi,
          kennysheep_generic_room_8, uniq_jessica, uniq_terence
D:4:      layout_cave_pools, minmay_misc_feat_cross, uniq_eustachio, uniq_robin
D:5:      minmay_goblin_kobold_castle, layout_basic, minmay_misc_feat_room,
          minmay_misc_feat_ornament, fountainhead
D:6:      layout_basic, amcnicky_altar_gilded, serial_shops,
          nicolae_shop_statue_plus, minmay_manual_mess, uniq_menkaure
D:7:      cheibrodos_grave_circle, layout_cave_pools,
          minmay_temple_entry_antechambers, enter_bailey_3,
          supply_closet_lemuel, chequers_serial_rivers_micro_a

Skill      XL: |  1  2  3  4  5  6  7  8  9 |
---------------+----------------------------+-----
Stealth        | 3 4 5 |  5.0
Conjurations   | 5 6 7 8 10 | 10.0
Spellcasting   | 4 5 |  5.0
Air Magic      | 2 5 8 |  8.0
Shields        | 2 4 |  4.0
Fighting       | 2 |  2.5
Dodging        | 4 |  4.6

Action                   |  1- 3 |  4- 6 |  7- 9 || total
-------------------------+-------+-------+-------++-------
Melee: Dagger            |     1 |     8 |    20 ||    29
 Cast: Magic Dart        |    17 |       |       ||    17
       Searing Ray       |    30 |    37 |    86 ||   153
       Lightning Bolt    |       |       |     1 ||     1
  Use: Scroll            |       |     7 |     7 ||    14
       Potion            |       |       |     1 ||     1
 Stab: Sleeping          |       |       |     1 ||     1
Armor: Robe              |     1 |     5 |    19 ||    25
Dodge: Dodged            |     2 |    12 |    50 ||    64
Block: Buckler           |       |       |    13 ||    13

Table legend: (Time is in decaauts)
 A = Elapsed time spent in this place.
 B = Non-inter-level travel time spent in this place.
 C = Inter-level travel time spent in this place.
 D = Time resting spent in this place.
 E = Time spent auto-exploring this place.
 F = Levels seen in this place.
 G = Mean time per level.
                   A        B        C        D        E       F      G
               +--------+--------+--------+--------+--------+-----+--------+
         Total |   9194 |   8528 |    666 |   1295 |   6135 |   7 | 1313.4 |
       Dungeon |   9194 |   8528 |    666 |   1295 |   6135 |   7 | 1313.4 |
               +--------+--------+--------+--------+--------+-----+--------+

Top non-repeatable levels by time:
     D:6: 2367 daAuts
     D:5: 1702 daAuts
     D:2: 1470 daAuts
     D:3: 1430 daAuts
     D:1: 1159 daAuts
     D:4: 1017 daAuts
     D:7: 46 daAuts
